 Dungeon Crawl Stone Soup version 0.31.0-2-g5a2aebc5c2 (webtiles) character file.

Game seed: 2274569739733610901

1346 night the Ruffian (level 8, -3/79 HPs)
             Began as a Troll Fighter on Jan 20, 2024.
             Was a Follower of Makhleb.
             Slain by Duvessa
             ... wielding a +5 rapier of electrocution
              (16 damage)
             ... on level 5 of the Dungeon.
             The game lasted 00:05:56 (2756 turns).

night the Ruffian (Troll Fighter)                   Turns: 2756, Time: 00:05:56

Health: -3/79      AC:  5    Str: 27    XL:     8   Next: 36%
Magic:  7/7        EV:  9    Int:  4    God:    Makhleb [*.....]
Gold:   153        SH:  8    Dex:  9    Spells: 7/7 levels left

rFire   . .          .
                       - Unarmed
rCold   . . .        b - +0 kite shield
rNeg    . . .        a - +0 robe
rPois   .            (helmet restricted)
rElec   .            t - +0 cloak
rCorr   .            (gloves unavailable)
SInv    .            (boots unavailable)
Will    .....        (no amulet)
Stlth   +            (no ring)
HPRegen 1.13/turn    (no ring)
MPRegen 0.10/turn

%: no passive effects
@: no status effects
A: large, unfitting armour, claws 3, regeneration 1, shaggy fur 1, tough skin 1
a: Renounce Religion


You were on level 5 of the Dungeon.
You worshipped Makhleb.
Makhleb was aware of your devotion.
You visited 1 branch of the dungeon, and saw 5 of its levels.

You collected 153 gold pieces.

Inventory:

Missiles
 d - 40 stones (quivered)
 i - 3 poisoned darts
Armour
 a - a +0 robe (worn)
 b - a +0 kite shield (worn)
 t - a +0 cloak (worn)
Talismans
 p - a beast talisman
 s - a serpent talisman
Wands
 o - a wand of flame (24)
Scrolls
 e - 5 scrolls of identify {unknown}
 h - 2 scrolls of teleportation {unknown}
 j - 2 scrolls of fear {unknown}
 r - a scroll of fog {unknown}
Potions
 c - a potion of might
 f - 2 potions of brilliance {unknown}
 g - a potion of enlightenment {unknown}
 k - a potion of curing {unknown}
 l - a potion of attraction {unknown}
 m - a potion of mutation {unknown}
 n - 2 potions of haste {unknown}
 q - a potion of lignification {unknown}


   Skills:
 + Level 4.5 Fighting
 - Level 2.4 Dodging
 + Level 5.0 Shields
 * Level 7.0 Unarmed Combat
 + Level 1.1 Invocations
 + Level 3.0 Shapeshifting


You had 7 spell levels left.
You didn't know any spells.
Your spell library contained the following spells:

 Spells                   Type           Power      Damage    Failure   Level
 Slow                     Hex            0%         N/A       73%         1
 Confusing Touch          Hex            0%         N/A       97%         3
 Fugue of the Fallen      Necr           0%         N/A       97%         3
 Ozocubu's Armour         Ice            0%         N/A       97%         3
 Sigil of Binding         Hex            0%         N/A       97%         3
 Vampiric Draining        Necr           0%         2d6       97%         3
 Manifold Assault         Tloc           0%         N/A       100%        4


Dungeon Overview and Level Annotations

Branches:
Dungeon (5/15)             Temple (0/1) D:4

Altars:
Makhleb
Sif Muna
Wu Jian

Annotations:
D:5 Duvessa


Innate Abilities, Weirdness & Mutations

You are too large for most types of armour.
You have claws for hands.
Your natural rate of healing is unusually fast.
You are covered in fur. (AC +1)
You have tough skin. (AC +1)


Message History

You shake off some of the fire as you move.
The liquid fire burns you!
Duvessa, Sister of Dowan comes into view.
She is wielding a +5 rapier of electrocution.
Duvessa shouts!
You claw Dowan!
Dowan is severely wounded.
The liquid fire burns you!
Dowan zaps a wand.
You block the puff of flame.
You mangle Dowan!!
You kill Dowan!
Makhleb accepts your kill.
Duvessa weeps, and shakes her weapon.
Duvessa goes berserk!
The liquid fire burns you!
Your Unarmed Combat skill increases to level 7!
Your Shapeshifting skill increases to level 3!
You shake off the liquid fire.
Duvessa hits you with a +5 rapier of electrocution!
Duvessa closely misses you.
You mangle Duvessa!!
Duvessa is moderately wounded.
Duvessa hits you with a +5 rapier of electrocution!
You scratch Duvessa but do no damage.
Duvessa is moderately wounded.
Duvessa hits you with a +5 rapier of electrocution! x2
* * * LOW HITPOINT WARNING * * *
You claw Duvessa!
Duvessa is heavily wounded.
Duvessa hits you with a +5 rapier of electrocution!
* * * LOW HITPOINT WARNING * * *
You scratch Duvessa.
Duvessa is severely wounded.
Duvessa completely misses you. You block Duvessa's attack.
You scratch Duvessa but do no damage.
Duvessa is severely wounded.
You block Duvessa's attack.
You closely miss Duvessa.
Duvessa is severely wounded.
Duvessa hits you with a +5 rapier of electrocution!
You die...

######## #.# #....... ..# ###
#.#####. #.# ###.########.#####.
#.# #..........)....##.
###.###......#####.##.##.
.....#....#.# #.##.##. #)#
#e#.#.#..#.# #.##)##. #.#
#@.......#.# #....... #.#
###.#.#.##.# ####.### #.#
...#.#+##.# #.# #.# #####....#.#
#.# #.#### ##......# ###.##
#.##.## ##.......## ##....#
####.#...####.........####.....#
............+.........'........#
####.#.....##.........####..)#.#


You could see Duvessa (berserk).

Vanquished Creatures
  Pikel (D:4)
  Sigmund (D:2)
  Eustachio (D:4)
  A lemure (D:4)
  A phantom (D:4)
  A necrophage (D:4)
  A scorpion (D:5)
  Dowan (D:5)
  2 bombardier beetles
  Crazy Yiuf (D:4)
  A jelly (D:5)
  2 iguanas (D:5)
  A sleepcap (D:4)
  Robin (D:4)
  A hound skeleton (D:4)
  5 adders
  2 dart slugs (D:3)
  13 orcs
  10 ball pythons
  4 bats
  6 endoplasms
  2 giant cockroaches (D:4)
  8 goblins
  10 hobgoblins
  2 jackals (D:3)
  3 quokkas
  2 frilled lizards
  4 kobolds
  4 rats
92 creatures vanquished.

Notes
Turn   | Place    | Note
-------+----------+-------------------------------------------
     0 | D:1      | night the Troll Fighter began the quest for the Orb.
     0 | D:1      | Reached XP level 1. HP: 22/22 MP: 0/0
   203 | D:1      | Reached XP level 2. HP: 29/29 MP: 1/1
   224 | D:1      | Found a faded altar of an unknown god.
   239 | D:1      | You fall into a shaft and drop 1 floor!
   607 | D:2      | Identified the +0 leather armour of the Game of Kings
                  | {Str+6}
   817 | D:2      | Noticed Sigmund
   821 | D:2      | Killed Sigmund
   822 | D:2      | Reached skill level 4 in Unarmed Combat
   822 | D:2      | Reached XP level 3. HP: 24/37 MP: 2/2
   822 | D:2      | Reached XP level 4. HP: 30/45 MP: 3/3
   822 | D:2      | Reached XP level 5. HP: 35/53 MP: 4/4
  1417 | D:3      | Found a shimmering blue altar of Sif Muna.
  1655 | D:4      | Found a burning altar of Makhleb.
  1666 | D:4      | Reached XP level 6. HP: 54/61 MP: 5/5
  1673 | D:4      | Became a worshipper of Makhleb the Destroyer
  1712 | D:4      | Noticed Pikel
  1721 | D:4      | Noticed Eustachio
  1728 | D:4      | Killed Pikel
  1729 | D:4      | Reached skill level 5 in Unarmed Combat
  1729 | D:4      | Reached skill level 2 in Shapeshifting
  1729 | D:4      | Reached XP level 7. HP: 54/70 MP: 6/6
  1733 | D:4      | Found an ornate altar of the Wu Jian Council.
  1755 | D:4      | Killed Eustachio
  1756 | D:4      | Reached skill level 6 in Unarmed Combat
  2109 | D:4      | Reached XP level 8. HP: 78/78 MP: 7/7
  2165 | D:4      | Noticed Robin
  2186 | D:4      | Killed Robin
  2205 | D:4      | Reached * piety under Makhleb
  2262 | D:4      | Found a staircase to the Ecumenical Temple.
  2479 | D:4      | Found a runed translucent door.
  2480 | D:4      | Noticed Crazy Yiuf
  2485 | D:4      | Killed Crazy Yiuf
  2571 | D:5      | Entered Level 5 of the Dungeon
  2729 | D:5      | Reached skill level 5 in Shields
  2746 | D:5      | Reached skill level 1 in Invocations
  2746 | D:5      | Noticed Dowan
  2747 | D:5      | Noticed Duvessa
  2749 | D:5      | Killed Dowan
  2750 | D:5      | Reached skill level 7 in Unarmed Combat
  2753 | D:5      | HP: 10/79 [Duvessa/+5 rapier of electrocution (13)]
  2756 | D:5      | Slain by Duvessa

Illustrated notes

Levels and vault maps discovered:
D:1:      dpeg_arrival_fog, layout_loops_cross,
          shapermc_ecumenical_altar_mp_urbaneastern,
          chequers_serial_rivers_large_b
D:2:      layout_loops_ring, minivault_27, kennysheep_generic_room_14,
          uniq_sigmund
D:3:      minmay_recursive_quarters, layout_rooms,
          nicolae_sif_muna_little_library
D:4:      layout_loops_corners, nicolae_wu_jian_wuxing_cycle,
          makhleb_blood_cavern_becter, minmay_temple_entry_antechambers,
          uniq_robin, uniq_pikel, uniq_crazy_yiuf_cottage, uniq_eustachio
D:5:      layout_loops_corners, mainiacjoe_overflow_alcove_4,
          nrook_pool_corridor, grunt_ministairs_15, uniq_duvessa

Skill      XL: |  1  2  3  4  5  6  7  8 |
---------------+-------------------------+-----
Fighting       | 3 4 |  4.5
Shields        | 3 4 5 |  5.0
Unarmed Combat | 4 5 6 7 |  7.0
Shapeshifting  | 2 3 |  3.0
Invocations    | 1 |  1.1
Dodging        | |  2.4

Action                     |  1- 3 |  4- 6 |  7- 9 || total
---------------------------+-------+-------+-------++-------
  Melee: Unarmed           |    48 |    87 |   124 ||   259
Ability: Begin Untransform |       |       |     1 ||     1
   Stab: Sleeping          |     1 |       |       ||     1
 Armour: Robe              |    28 |    38 |    47 ||   113
  Dodge: Dodged            |    13 |    32 |    27 ||    72
  Block: Kite shield       |    17 |    24 |    34 ||    75
   Form: Beast             |       |     1 |       ||     1
